 Dungeon Crawl Stone Soup version 0.21-a0-52-gbf49515 (webtiles) character file.

2477 glosham the Magician (level 9, 72/72 HPs)
             Began as a Gnoll Air Elementalist on June 13, 2017.
             Was a High Priest of Cheibriados.
             Quit the game on level 7 of the Dungeon on Jan 30, 2018.
             The game lasted 01:50:57 (8610 turns).

glosham the Magician (Gnoll Air Elementalist)       Turns: 8610, Time: 01:50:57

Health: 72/72      AC:  6    Str: 18    XL:     9   Next: 51%
Magic:  20/20      EV: 19    Int: 30    God:    Cheibriados [*****.]
Gold:   122        SH:  0    Dex: 25    Spells: 8/23 levels left

rFire    . . .     SeeInvis .   a - +1 trident (flame)
rCold    . . .     Gourm    .   (no shield)
rNeg     . . .     Faith    +   X - +0 robe
rPois    +         Spirit   .   U - +2 helmet
rElec    .         Reflect  .   (no cloak)
rCorr    .         Harm     .   V - +0 pair of gloves
MR       +....                  (no boots)
Stlth    ++++......             z - amulet of faith {!P}
Regen    0.3/turn               A - ring of protection from magic
MPRegen  0.2/turn               B - ring of poison resistance

@: very slow
A: short attention span, fangs 1, strong nose
a: Bend Time, Temporal Distortion, Slouch, Step From Time, Renounce Religion


You were on level 7 of the Dungeon.
You worshipped Cheibriados.
Cheibriados was extremely pleased with you.
You were not hungry.

You visited 2 branches of the dungeon, and saw 8 of its levels.

You collected 430 gold pieces.
You spent 308 gold pieces at shops.

Inventory:

Hand Weapons
 a - a +1 trident of flaming (weapon)
 b - a +0 great sword
 I - a +0 glaive
 M - a +1 short sword of flaming
 O - a +3 dagger of venom
 P - a +0 blowgun
Missiles
 d - 279 stones (quivered)
 h - 117 sling bullets
 i - 53 poisoned needles
 o - 2 exploding tomahawks
 p - 32 bolts
 y - 79 arrows
 H - 5 tomahawks
Armour
 J - a cursed -2 chain mail
 U - a +2 helmet (worn)
 V - a +0 pair of gloves (worn)
 X - a +0 robe (worn)
Magical Staves
 v - an uncursed staff of earth
Jewellery
 z - an amulet of faith (around neck) {!P}
 A - a ring of protection from magic (left hand)
 B - a ring of poison resistance (right hand)
Wands
 g - a wand of confusion (17/48)
 q - a wand of polymorph (10/24)
 w - a wand of flame (17/48)
 L - a wand of flame (28/48)
Scrolls
 f - a scroll of magic mapping
 j - 4 scrolls of immolation
 m - a scroll of remove curse
 r - a scroll of blinking
 t - a scroll of teleportation
 x - 2 scrolls of fear
 N - a scroll of enchant weapon {unknown}
Potions
 k - 5 potions of curing
 s - 2 potions of agility
 C - 3 potions of flight
 D - a potion of brilliance {unknown}
 E - a potion of ambrosia {unknown}
 F - 2 potions of mutation {!q}
 G - 2 potions of heal wounds
 K - a potion of lignification {unknown}
Books
 e - a book of Minor Magic

   Spells                             Type                      Level
   a - Magic Dart                     Conjuration                  1
   b - Blink                          Translocation                2
   c - Call Imp                       Summoning                    2
   d - Slow                           Hexes                        2
   e - Conjure Flame                  Conjuration/Fire             3
   f - Mephitic Cloud                 Conjuration/Poison/Air       3
 l - a book of Air

   Spells                             Type                      Level
   a - Shock                          Conjuration/Air              1
   b - Swiftness                      Charms/Air                   2
   c - Static Discharge               Conjuration/Air              3
   d - Airstrike                      Air                          4
   e - Lightning Bolt                 Conjuration/Air              5
Comestibles
 c - 5 bread rations
 n - 2 fruits
 u - 7 meat rations
 Q - 7 chunks of flesh


   Skills:
 - Level 7.0 Fighting
 * Level 7.0 Dodging
 - Level 6.0 Stealth
 * Level 7.7 Spellcasting
 - Level 7.0 Conjurations
 - Level 4.2 Translocations
 - Level 7.0 Air Magic
 - Level 6.2 Invocations
 - Level 6.1 Evocations


You had 8 spell levels left.
You knew the following spells:

 Your Spells              Type           Power        Failure   Level  Hunger
b - Blink                 Tloc           N/A          1%          2    None
e - Airstrike             Air            ######....   2%          4    #......
m - Mephitic Cloud        Conj/Pois/Air  #####...     1%          3    None
x - Lightning Bolt        Conj/Air       ######....   7%          5    ####...
z - Shock                 Conj/Air       ####         1%          1    None


Dungeon Overview and Level Annotations

Branches:
Dungeon (7/15)             Temple (1/1) D:4

Altars:
Ashenzari
Cheibriados
Dithmenos
Elyvilon
Fedhas
Gozag
Hepliaklqana
Kikubaaqudgha
Makhleb
Nemelex Xobeh
Okawaru
Qazlal
Ru
Sif Muna
Trog
Uskayaw
Vehumet
Wu Jian
Xom
Yredelemnul
Zin
The Shining One

Shops:
D:4 **

Annotations:
D:3 grate vault


Innate Abilities, Weirdness & Mutations

You have a short attention span.
You have very sharp teeth.
Your uncanny sense of smell can sniff out nearby items.


Message History

x - 2 scrolls of fear (gained 1)
Found a human corpse.
d - 267 stones (gained 7)
Items here: ))) [ ††
Okay, then.
Found a human corpse.
You see here a whip.
Found a human corpse.
d - 272 stones (gained 5);
i - 53 poisoned needles (gained 5)
N - a scroll labeled WYDENA SOEHULU
Items here: )))) † a dagger of venom; a dagger; a short sword; a blowgun; a kobold corpse
O - a dagger of venom
d - 277 stones (gained 5)
You see here a short sword.
d - 279 stones (gained 2)
Things that are here:
a short sword; a kobold corpse You see here a human corpse.
You butcher the human corpse.
Q - 4 chunks of flesh You see here a human corpse.
You butcher the human corpse.
Q - 7 chunks of flesh (gained 3) Saving game... please wait.
Welcome back, glosham the Gnoll Air Elementalist.
Cheibriados says: Take it easy.
Press ? for a list of commands and other information.
Okay, then.
Assign waypoint to what number? (0-9)
Okay, then.
Saving game... please wait.
Welcome back, glosham the Gnoll Air Elementalist.
Cheibriados says: Take it easy.
Press ? for a list of commands and other information.
Saving game... please wait.
Welcome back, glosham the Gnoll Air Elementalist.
Cheibriados says: Take it easy.
Press ? for a list of commands and other information.
Are you sure you want to abandon this character and quit the game? (Confirm with "yes".)

#.#.# ♣♣.♣♣
P###.######..... #.#.#
#PP.♣♣## PP##.######.....
#.#.#
##♣♣[..##..#.............
..#.#
#P♣)P#P.P#########.....
###.# #♣♣P♣..P♣PP♣.P.P
###### ###.#
♣.P♣..))P♣.P.PPP ....#
♣.♣....))...P..♣ #####
P..............♣.
.........@....... ∆
.......†§§........
.......§§.†......
...............PP
......†....♣P♣♣..
♣P.....P..♣♣♣ ♣.
P..P♣P..P♣P P♣.P.P♣♣.P


There were no monsters in sight!

Vanquished Creatures
  Sigmund (D:2)
  Eustachio (D:4)
  An ice beast (D:6)
  2 orc warriors (D:7)
  A sky beast (D:7)
  3 ogres
  2 centaurs (D:7)
  3 big kobolds (D:7)
  The ghost of KristoblXynda the Sneak, a weakling NaEn (D:3)
  A howler monkey (D:7)
  5 crimson imps
  2 hounds
  3 orc priests
  2 bullfrog zombies (D:5)
  Jessica (D:2)
  2 worker ants
  Terence (D:2)
  Natasha (D:3)
  10 orc wizards
  A hound skeleton (D:4)
  4 worker ant zombies
  A howler monkey zombie (D:6)
  9 adders
  2 shadow imps
  A white imp (D:6)
  An ooze (D:1)
  An adder skeleton (D:4)
  An adder zombie (D:7)
  5 worms
  2 dart slugs
  2 leopard geckos
  27 orcs
  A ball python (D:2)
  5 bats
  6 giant cockroaches
  6 goblins
  3 hobgoblins
  6 jackals
  2 quokkas
  4 frilled lizards
  39 kobolds
  8 rats
  A plant (D:7)
181 creatures vanquished.

Vanquished Creatures (others)
  A fungus (D:3)
  A plant (D:7)
2 creatures vanquished.

Grand Total: 183 creatures vanquished

Notes
Turn   | Place    | Note
-------+----------+-------------------------------------------
     0 | D:1      | glosham the Gnoll Air Elementalist began the quest for the Orb.
     0 | D:1      | Reached XP level 1. HP: 13/13 MP: 5/5
    59 | D:1      | Reached skill level 2 in Conjurations
   246 | D:2      | Reached skill level 3 in Conjurations
   307 | D:2      | Reached XP level 2. HP: 19/19 MP: 1/6
   460 | D:3      | Noticed KristoblXynda's ghost (weakling NaEn)
   644 | D:3      | Reached skill level 4 in Conjurations
   883 | D:3      | Reached XP level 3. HP: 24/24 MP: 5/8
   977 | D:3      | Found a stormy altar of Qazlal.
   979 | D:3      | Found a blossoming altar of Fedhas.
  1010 | D:3      | Killed KristoblXynda's ghost
  1010 | D:3      | Reached skill level 6 in Conjurations
  1010 | D:3      | Reached XP level 4. HP: 30/30 MP: 4/9
  1372 | D:4      | Reached skill level 5 in Air Magic
  1589 | D:4      | Found a radiant altar of Vehumet.
  1598 | D:4      | Found a hide-covered altar of Uskayaw.
  1599 | D:4      | Found an ornate altar of the Wu Jian Council.
  1650 | D:4      | Reached XP level 5. HP: 35/35 MP: 5/10
  1656 | D:4      | Learned a level 4 spell: Airstrike
  1662 | D:4      | Learned a level 5 spell: Lightning Bolt
  1709 | D:4      | Found Ynuihin's Assorted Antiques.
  1770 | D:4      | Reached skill level 6 in Air Magic
  1812 | D:4      | Found a staircase to the Ecumenical Temple.
  1823 | Temple   | Entered the Ecumenical Temple
  2258 | D:4      | Reached skill level 4 in Spellcasting
  2312 | D:4      | Found Ilyeteam's General Store.
  2846 | D:2      | Reached skill level 5 in Spellcasting
  2862 | D:2      | Learned a level 3 spell: Mephitic Cloud
  3002 | D:2      | Found a stormy altar of Qazlal.
  3296 | D:1      | Reached XP level 6. HP: 41/41 MP: 12/14
  3361 | D:1      | Learned a level 2 spell: Blink
  3423 | D:2      | Noticed Jessica
  3424 | D:2      | Killed Jessica
  3424 | D:2      | Reached skill level 6 in Spellcasting
  3646 | D:2      | Noticed Terence
  3712 | D:2      | Killed Terence
  3753 | D:2      | Noticed Sigmund
  3771 | D:2      | Killed Sigmund
  3771 | D:2      | Reached XP level 7. HP: 46/46 MP: 7/17
  3838 | D:3      | Reached skill level 7 in Spellcasting
  3838 | D:3      | Reached skill level 7 in Air Magic
  3921 | D:3      | Reached skill level 7 in Conjurations
  4008 | D:3      | Noticed Natasha
  4015 | D:3      | Killed Natasha
  4095 | D:3      | Reached skill level 1 in Fighting
  4153 | D:3      | Found a snail-covered altar of Cheibriados.
  4165 | D:3      | Became a worshipper of Cheibriados the Contemplative
  4172 | D:3      | Found a glowing silver altar of Zin.
  4448 | D:5      | Entered Level 5 of the Dungeon
  4455 | D:4      | Reached skill level 4 in Dodging
  4484 | D:5      | Noticed Eustachio
  4489 | D:4      | Killed Eustachio
  4489 | D:4      | Reached skill level 3 in Fighting
  4489 | D:4      | Reached skill level 5 in Dodging
  4789 | D:5      | Reached * piety under Cheibriados
  4789 | D:5      | Reached skill level 4 in Fighting
  4807 | D:5      | Found a bloodstained altar of Trog.
  4846 | D:5      | Reached skill level 6 in Dodging
  4866 | D:5      | Reached skill level 1 in Invocations
  4928 | D:5      | Reached skill level 5 in Fighting
  4928 | D:5      | Reached skill level 2 in Invocations
  4928 | D:5      | Reached XP level 8. HP: 62/62 MP: 8/18
  5080 | D:5      | Reached skill level 3 in Invocations
  5254 | D:4      | Bought a clear potion for 19 gold pieces
  5254 | D:4      | Bought a fuming red potion for 19 gold pieces
  5254 | D:4      | Bought a scroll labeled GAOMOT PECKA for 22 gold pieces
  5641 | D:6      | Reached skill level 4 in Invocations
  5751 | D:6      | Reached skill level 6 in Fighting
  5812 | D:6      | Reached skill level 5 in Invocations
  6190 | D:6      | Found an iron altar of Okawaru.
  6312 | D:6      | Reached skill level 4 in Stealth
  6312 | D:6      | Reached skill level 6 in Invocations
  6313 | D:6      | Reached ** piety under Cheibriados
  6447 | D:5      | Reached skill level 1 in Evocations
  6450 | D:5      | Reached skill level 5 in Stealth
  6450 | D:5      | Reached skill level 2 in Evocations
  6605 | D:4      | Bought a scroll of magic mapping for 42 gold pieces
  6605 | D:4      | Bought a potion of flight for 36 gold pieces
  6605 | D:4      | Bought a scroll of blinking for 90 gold pieces
  6605 | D:4      | Bought a scroll of remove curse for 36 gold pieces
  6650 | D:4      | Bought a scroll of identify for 44 gold pieces
  6811 | D:7      | Reached skill level 3 in Evocations
  6828 | D:7      | Reached skill level 6 in Stealth
  6828 | D:7      | Reached skill level 4 in Evocations
  6946 | D:7      | Reached skill level 2 in Translocations
  6946 | D:7      | Reached XP level 9. HP: 71/71 MP: 12/19
  6954 | D:7      | Reached skill level 5 in Evocations
  7579 | D:7      | Reached skill level 3 in Translocations
  7800 | D:7      | Found a glowing golden altar of the Shining One.
  7803 | D:7      | Reached *** piety under Cheibriados
  7821 | D:7      | Reached skill level 4 in Translocations
  7825 | D:7      | Reached skill level 6 in Evocations
  8081 | D:7      | Reached skill level 7 in Fighting
  8344 | D:7      | Reached **** piety under Cheibriados
  8356 | D:7      | Reached skill level 7 in Dodging
  8549 | D:7      | Reached ***** piety under Cheibriados
  8610 | D:7      | Quit the game

Vault maps used:
D:1:      dpeg_arrival_concentric_ovals
D:2:      nicolae_qazlal_eye_of_the_storm, uniq_sigmund, uniq_jessica,
          uniq_terence
D:3:      grunt_temple_overflow_forces_of_nature, zin_scriptorium,
          overflow_temple_1_default, grunt_decor_fettered, uniq_natasha
D:4:      minitemple, minmay_temple_entry_statues_pillars, first_bread,
          serial_shops, shop, kennysheep_little_box
D:5:      kennysheep_mini, minmay_door_square, uniq_eustachio
D:6:      okawaru_gym_becter, minmay_fire_ice_demons
D:7:      kennysheep_kobold_camp, overflow_temple_1_default
Temple:   minmay_temple_forest_path

Skill      XL: |  1  2  3  4  5  6  7  8  9 |
---------------+----------------------------+-----
Conjurations   | 3 4 6 7 |  7.0
Air Magic      | 5 6 7 |  7.0
Spellcasting   | 5 6 7 |  7.7
Fighting       | 5 6 7 |  7.0
Dodging        | 6 7 |  7.0
Invocations    | 2 6 |  6.2
Stealth        | 6 |  6.0
Evocations     | 4 6 |  6.1
Translocations | 2 4 |  4.2

Action                   |  1- 3 |  4- 6 |  7- 9 || total
-------------------------+-------+-------+-------++-------
Melee: Great sword       |       |     2 |     3 ||     5
       Bite              |       |       |     4 ||     4
       Trident           |       |       |    19 ||    19
 Cast: Shock             |    26 |    90 |   226 ||   342
       Mephitic Cloud    |       |     2 |     9 ||    11
       Airstrike         |       |     1 |    25 ||    26
       Lightning Bolt    |       |       |     1 ||     1
  Use: Scroll            |       |     8 |     8 ||    16
 Stab: Sleeping          |       |     2 |     1 ||     3
       Confused          |       |       |     1 ||     1
  Eat: Chunk             |       |     8 |    12 ||    20
Armor: Robe              |       |     3 |    12 ||    15
Dodge: Dodged            |       |     9 |    73 ||    82
       Rpst.: Great sword |       |     2 |    10 ||    12

Table legend:
 A = Turns spent in this place as a percentage of turns spent in the entire game.
 B = Non-inter-level travel turns spent in this place as a percentage of non-inter-level travel turns spent in the entire game.
 C = Inter-level travel turns spent in this place as a percentage of turns spent in this place.
 D = Turns resting spent in this place as a percentage of non-inter-level travel turns spent in this place.
 E = Turns spent auto-exploring this place as a percentage of non-inter-level travel turns spent in this place.
 F = Non-inter-level travel turns spent in this place divided by the number of levels of this place that you've seen.
                   A       B       C       D       E      F
               +-------+-------+-------+-------+-------+----------------------
         Total | 100.0 | 100.0 |   1.0 |   4.2 |   0.5 | 510.0
       Dungeon |  93.8 |  93.8 |   1.0 |   4.4 |   0.5 | 546.7
        Temple |   6.2 |   6.2 |   1.2 |   0.8 |   0.4 | 253.0
               +-------+-------+-------+-------+-------+----------------------

Table legend:
 A = Kills in this place as a percentage of kills in entire the game.
 B = Kills by you in this place as a percentage of kills by you in the entire game.
 C = Kills by friends in this place as a percentage of kills by friends in the entire game.
 D = Other kills in this place as a percentage of other kills in the entire game.
 E = Experience gained in this place as a percentage of experience gained in the entire game.
 F = Experience gained in this place divided by the number of levels of this place that you have seen.
                   A       B       C       D       E      F
               +-------+-------+-------+-------+-------+----------------------
         Total | 100.0 | 100.0 |  -nan | 100.0 | 100.0 | 442.4
       Dungeon | 100.0 | 100.0 |  -nan | 100.0 | 100.0 | 505.6
               +-------+-------+-------+-------+-------+----------------------

Vault maps used:
D:1:      dpeg_arrival_concentric_ovals
D:2:      nicolae_qazlal_eye_of_the_storm, uniq_sigmund, uniq_jessica,
          uniq_terence
D:3:      grunt_temple_overflow_forces_of_nature, zin_scriptorium,
          overflow_temple_1_default, grunt_decor_fettered, uniq_natasha
D:4:      minitemple, minmay_temple_entry_statues_pillars, first_bread,
          serial_shops, shop, kennysheep_little_box
D:5:      kennysheep_mini, minmay_door_square, uniq_eustachio
D:6:      okawaru_gym_becter, minmay_fire_ice_demons
D:7:      kennysheep_kobold_camp, overflow_temple_1_default
Temple:   minmay_temple_forest_path
